 Dungeon Crawl Stone Soup version 0.30-a0-2-gf48d83f5e2 (webtiles) character file.

Game seed: 412675516136856639

5020 funkygono the Basher (level 10, -3/65 HPs)
             Began as a Gargoyle Fighter on Aug 19, 2022.
             Was a Priest of Okawaru.
             Slain by an orc warrior
             ... wielding a +0 broad axe
              (8 damage)
             ... on level 9 of the Dungeon.
             The game lasted 00:12:46 (8840 turns).

funkygono the Basher (Gargoyle Fighter)             Turns: 8840, Time: 00:12:46

Health: -3/65      AC: 33    Str: 25    XL:     10   Next: 55%
Magic:  10/10      EV:  7    Int:  8    God:    Okawaru [***...]
Gold:   403        SH: 10    Dex:  9    Spells: 8/9 levels left

rFire   . . .      SeeInvis .    q - +3 flail (protect)
rCold   . . .      Faith    .    c - +0 buckler
rNeg    + . .      Spirit   .    I - +0 plate armour
rPois   ∞          Reflect  +    y - +0 helmet
rElec   +          Harm     .    p - +2 cloak
rCorr   .          Rampage  .    (no gloves)
Will    .....                    i - +0 pair of boots
Stlth   ..........               h - amulet of reflection
HPRegen 0.20/turn                (no ring)
MPRegen 0.12/turn                (no ring)

@: under a protective aura, studying Ice Magic
A: sickness immunity, AC +7, negative energy resistance 1, electricity
resistance, torment resistance 1, petrification resistance
a: Renounce Religion, Heroism


You were on level 9 of the Dungeon.
You worshipped Okawaru.
Okawaru was most pleased with you.
You visited 2 branches of the dungeon, and saw 10 of its levels.
You visited the Abyss 1 time.

You collected 403 gold pieces.

Inventory:

Hand Weapons
 a - a +0 flail
 o - a +3 quarterstaff of chaos
 q - a +3 flail of protection (weapon)
 t - a +2 morningstar of protection
 z - a +2 whip of flaming
 G - a +3 flail
Missiles
 j - 22 poisoned darts
 m - a boomerang (quivered)
 v - a throwing net
Armour
 b - a +0 scale mail
 c - a +0 buckler (worn)
 i - a +0 pair of boots (worn)
 p - a +2 cloak (worn)
 r - a +0 chain mail
 y - a +0 helmet (worn)
 I - a +0 plate armour (worn)
Magical Staves
 x - a staff of fire
Jewellery
 e - an amulet of guardian spirit
 h - an amulet of reflection (around neck)
 u - a ring of resist corrosion
Wands
 w - a wand of charming (8)
 C - a wand of light (14)
 E - a wand of iceblast (10)
Scrolls
 k - 7 scrolls of identify
 s - a scroll of magic mapping
 A - a scroll of poison
 F - a scroll of silence
 H - a scroll of fog
Potions
 d - 4 potions of might
 f - 4 potions of mutation
 g - 4 potions of brilliance
 l - 2 potions of flight
 n - 2 potions of curing
 B - 2 potions of lignification
 D - a potion of ambrosia {unknown}


   Skills:
 * Level 8.7 Fighting
 + Level 9.8 Maces & Flails
 + Level 1.0 Throwing
 + Level 7.6 Armour
 + Level 1.9 Dodging
 + Level 1.8 Stealth
 + Level 7.3 Shields


You had 8 spell levels left.
You knew the following spells:

 Your Spells              Type           Power      Damage    Failure   Level
a - Magic Dart            Conj           0%         1d3       100%        1

Your spell library contained the following spells:

 Spells                   Type           Power      Damage    Failure   Level
 Searing Ray              Conj           0%         2d4       100%        2
 Conjure Flame            Conj/Fire      0%         6-21      100%        3
 Dazzling Flash           Conj/Hex       0%         N/A       100%        3
 Ignite Poison            Fire/Tmut/Pois 0%         N/A       100%        3
 Fulminant Prism          Conj/Hex       0%         3d6       100%        4
 Iskenderun's Mystic Bla  Conj/Tloc      0%         2d3       100%        4
 Sticky Flame             Conj/Fire      0%         2d3       100%        4
 Agony                    Necr           0%         N/A       100%        5
 Silence                  Hex/Air        0%         N/A       100%        5
 Starburst                Conj/Fire      0%         6d3       100%        6


Dungeon Overview and Level Annotations

Branches:
Dungeon (9/15)             Temple (1/1) D:6             Orc (0/2) D:9
   Lair: D:8-11

Altars:
Ashenzari
Fedhas
Hepliaklqana
Kikubaaqudgha
Makhleb
Nemelex Xobeh
Okawaru
Qazlal
Ru
Trog
Uskayaw
Vehumet
Wu Jian
Xom
Yredelemnul
Zin

Shops:
D:4 :

Annotations:
D:5 2 runed translucent doors, t4s4d4r's ghost, novice OpEn


Innate Abilities, Weirdness & Mutations

You are immune to sickness and miasma.
Your stone body is resilient. (AC +7)
You are immune to poison.
You resist negative energy. (rN+)
You are resistant to electric shocks. (rElec)
You are resistant to unholy torment.
You are immune to petrification.


Message History

You hit the orc warrior but do no damage.
You block the orc warrior's attack. x2
You barely miss the orc warrior. You block the orc warrior's attack.
The orc warrior hits you but does no damage.
You hit the orc warrior but do no damage.
You block the orc warrior's attack.
The orc warrior hits you but does no damage.
You barely miss the orc warrior. You block the orc warrior's attack.
The orc warrior barely misses you.
You thump the orc warrior!
The orc warrior is moderately wounded.
You hit the orc warrior but do no damage.
The orc warrior is moderately wounded.
The orc warrior hits you but does no damage.
The orc warrior hits you with a +0 broad axe.
You barely miss the orc warrior.
The orc warrior is moderately wounded.
The orc warrior barely misses you.
The orc warrior hits you but does no damage.
You completely miss the orc warrior.
The orc warrior is moderately wounded.
You block the orc warrior's attack. x2
You hit the orc warrior but do no damage.
The orc warrior is moderately wounded.
You block the orc warrior's attack. x2
You barely miss the orc warrior.
The orc warrior is moderately wounded.
The orc warrior hits you from afar with a +0 trident!
* * * LOW HITPOINT WARNING * * *
The orc warrior completely misses you.
You sock the orc warrior!
The orc warrior is severely wounded.
The orc warrior hits you from afar with a +0 trident!
* * * LOW HITPOINT WARNING * * *
The orc warrior closely misses you.
You barely miss the orc warrior.
The orc warrior is severely wounded.
The orc warrior hits you but does no damage.
The orc warrior hits you with a +0 broad axe!
You die...

... ### ### ####>####
.####.......####
##.............###
....#.......#....##
...###.....###....##
...###.8.8.###..8..#
...)#.......#......#
.#..#..#+#..#..#@#..#
.##.#.## ##.#.##o##.#
).#.#. .#.#o=. .#
.(#.#. #.#?.?# #
.##.#. #.##.## .#..#
#..#+# )...+ +..
...## ..##


You could see 2 orc warriors.

Vanquished Creatures
  Pikel (D:7)
  A wyvern (D:8)
  Edmund (D:4)
  2 water moccasins
  Duvessa (D:7)
  3 orc warriors
  4 ice beasts
  A sky beast (D:8)
  3 black bears
  3 wolves (D:9)
  3 ogres
  2 centaurs
  A phantom (D:7)
  A kobold brigand (D:9)
  Blork the orc (D:5)
  2 bullfrogs
  3 necrophages
  A scorpion (D:5)
  15 wights
  Dowan (D:7)
  5 killer bees (D:9)
  3 howler monkeys
  2 hounds (D:5)
  A gnoll bouda (D:7)
  2 jellies
  An orc priest (D:7)
  Crazy Yiuf (D:3)
  3 iguanas
  3 orc wizards
  6 adders
  2 shadow imps (D:7)
  4 white imps
  A worm (D:2)
  2 dart slugs
  34 orcs
  4 endoplasms
  5 giant cockroaches
  4 hobgoblins
  6 jackals
  7 kobolds
  A quokka (D:1)
  2 ball pythons
  A bat (D:1)
  9 goblins
  3 rats
162 creatures vanquished.

Vanquished Creatures (others)
  A kobold brigand (D:3)
  4 fungi
  A plant (D:5)
6 creatures vanquished.

Grand Total: 168 creatures vanquished

Notes
Turn   | Place    | Note
-------+----------+-------------------------------------------
     0 | D:1      | funkygono the Gargoyle Fighter began the quest for the Orb.
     0 | D:1      | Reached XP level 1. HP: 14/14 MP: 1/1
   304 | D:1      | Reached XP level 2. HP: 15/19 MP: 2/2
   622 | D:1      | Found a faded altar of an unknown god.
   943 | D:2      | Reached XP level 3. HP: 22/24 MP: 3/3
  1721 | D:3      | Noticed a kobold brigand
  1729 | D:3      | Killed a kobold brigand
  1730 | D:3      | Reached XP level 4. HP: 29/29 MP: 4/4
  2222 | D:3      | Found a runed translucent door.
  2223 | D:3      | Noticed Crazy Yiuf
  2231 | Abyss:1  | Cast into level 1 of the Abyss (Crazy Yiuf)
  2257 | D:3      | Escaped the Abyss
  2258 | D:3      | Killed Crazy Yiuf
  2259 | D:3      | Reached skill level 3 in Maces & Flails
  2259 | D:3      | Reached XP level 5. HP: 20/34 MP: 5/5
  2435 | D:4      | Found Nicessuuma's Book Shoppe.
  2531 | D:4      | Noticed Edmund
  2547 | D:4      | Killed Edmund
  2548 | D:4      | Reached XP level 6. HP: 11/39 MP: 6/6
  2951 | D:4      | Noticed a black bear
  2955 | D:4      | Killed a black bear
  2956 | D:4      | Reached skill level 4 in Maces & Flails
  2975 | D:4      | Reached skill level 5 in Fighting
  3632 | D:5      | Entered Level 5 of the Dungeon
  3666 | D:5      | Reached XP level 7. HP: 44/44 MP: 7/7
  3749 | D:5      | Found a stormy altar of Qazlal.
  3752 | D:5      | Found a blossoming altar of Fedhas.
  3754 | D:5      | Noticed Blork the orc
  3778 | D:5      | Killed Blork the orc
  3779 | D:5      | Reached skill level 1 in Dodging
  3970 | D:5      | Found a large runed translucent door.
  3970 | D:5      | Found a large runed translucent door.
  3976 | D:5      | Noticed t4s4d4r's ghost (novice OpEn)
  4005 | D:5      | Reached skill level 5 in Maces & Flails
  4299 | D:5      | Reached XP level 8. HP: 51/51 MP: 8/8
  4363 | D:5      | Reached skill level 6 in Maces & Flails
  4363 | D:5      | Reached skill level 5 in Armour
  4617 | D:6      | Learned a level 1 spell: Magic Dart
  4639 | D:6      | Found a burning altar of Makhleb.
  4724 | D:6      | Reached skill level 5 in Shields
  4728 | D:6      | Found a radiant altar of Vehumet.
  5018 | D:6      | Found a sacrificial altar of Ru.
  5082 | D:6      | Found a staircase to the Ecumenical Temple.
  5097 | D:6      | Reached skill level 7 in Maces & Flails
  5116 | Temple   | Entered the Ecumenical Temple
  5401 | Temple   | Became a worshipper of Warmaster Okawaru
  5544 | D:6      | Reached XP level 9. HP: 48/56 MP: 9/9
  6135 | D:7      | Noticed Pikel
  6163 | D:7      | Killed Pikel
  6163 | D:7      | Reached * piety under Okawaru
  6164 | D:7      | Reached skill level 8 in Maces & Flails
  6259 | D:7      | Identified the +3 robe of the Enormous God {rC+}
  6271 | D:7      | Noticed Dowan
  6272 | D:7      | Noticed Duvessa
  6279 | D:7      | Killed Dowan
  6304 | D:7      | Killed Duvessa
  6969 | D:7      | Reached ** piety under Okawaru
  7298 | D:7      | Reached skill level 9 in Maces & Flails
  7298 | D:7      | Reached XP level 10. HP: 58/64 MP: 10/10
  7350 | D:8      | Reached skill level 1 in Stealth
  7373 | D:8      | Reached skill level 1 in Throwing
  8473 | D:9      | Reached *** piety under Okawaru
  8782 | D:9      | Found a staircase to the Orcish Mines.
  8840 | D:9      | Slain by an orc warrior

Illustrated notes

Levels and vault maps discovered:
D:1:      nagdon_arrival_double_spiral, layout_basic,
          chequers_ecumenical_altar_simple
D:2:      layout_rooms, minmay_misc_feat_enclosed, minmay_misc_feat_plants
D:3:      layout_basic, uniq_crazy_yiuf_cottage
D:4:      layout_gridville, serial_shops, nicolae_stop_n_shop_1, uniq_edmund
D:5:      layout_loops_cross, grunt_temple_overflow_forces_of_nature,
          ebering_ghost_disaster_area, uniq_blork_the_orc
D:6:      minmay_general_purpose_star, layout_loops_ring,
          nicolae_ru_sacrificial_ziggurat, fiery_altar_vehumet,
          mainiacjoe_overflow_24_doors, minmay_temple_entry_purple_smoke
D:7:      layout_loops_ring, solitary_fountain,
          amcnicky_mini_rare_corridor_liquid, kennysheep_cross_bottleneck,
          minivault_19, grunt_ministairs_6, minmay_manual_mail, uniq_pikel,
          uniq_duvessa
D:8:      layout_rooms
D:9:      gammafunk_boulding_lane, layout_irregular_city, lair_entry_dummy,
          david_orc_1_choice, uniq_maurice, uniq_amaemon, uniq_grum
Temple:   bh_familiar_temple

Skill      XL: |  1  2  3  4  5  6  7  8  9 10 |
---------------+-------------------------------+-----
Fighting       | 4 5 6 8 |  8.7
Maces & Flails | 3 4 5 7 9 |  9.8
Armour         | 4 5 6 7 |  7.6
Shields        | 4 5 6 7 |  7.3
Dodging        | 1 |  1.9
Stealth        | 1 |  1.8
Throwing       | 1 |  1.0

Action                   |  1- 3 |  4- 6 |  7- 9 | 10-12 || total
-------------------------+-------+-------+-------+-------++-------
Melee: Flail             |   101 |    82 |   356 |   232 ||   771
Throw: Boomerang         |       |     7 |     6 |       ||    13
  Use: Scroll            |     7 |     4 |     6 |     1 ||    18
       Potion            |       |     1 |     2 |       ||     3
Armor: Scale mail        |    52 |    11 |       |       ||    63
       Chain mail        |       |    14 |   187 |    21 ||   222
       Plate armour      |       |       |       |   135 ||   135
Dodge: Dodged            |    38 |    22 |    91 |    69 ||   220
Block: Buckler           |    35 |    38 |   149 |   172 ||   394
       Reflection        |     2 |       |     1 |     3 ||     6

Table legend: (Time is in decaauts)
 A = Elapsed time spent in this place.
 B = Non-inter-level travel time spent in this place.
 C = Inter-level travel time spent in this place.
 D = Time resting spent in this place.
 E = Time spent auto-exploring this place.
 F = Levels seen in this place.
 G = Mean time per level.
                   A        B        C        D        E       F      G
               +--------+--------+--------+--------+--------+-----+--------+
         Total |   8925 |   8539 |    386 |    257 |   6586 |  11 |  811.4 |
       Dungeon |   8543 |   8179 |    364 |    257 |   6256 |   9 |  949.2 |
        Temple |    356 |    335 |     21 |      0 |    330 |   1 |  356.0 |
         Abyss |     26 |     26 |      0 |      0 |      0 |   1 |   26.0 |
               +--------+--------+--------+--------+--------+-----+--------+

Top non-repeatable levels by time:
     D:7: 1529 daAuts
     D:4: 1213 daAuts
     D:6: 1048 daAuts
     D:5: 982 daAuts
     D:1: 948 daAuts
     D:3: 821 daAuts
     D:8: 779 daAuts
     D:2: 677 daAuts
     D:9: 543 daAuts
  Temple: 356 daAuts
 Abyss:1: 26 daAuts
